 Dungeon Crawl Stone Soup version 0.28.0-53-g5a82cb258f (webtiles) character file.

Game seed: 9530057030951883598

8363 Peloso the Carver (level 11, -17/99 HPs)
             Began as a Minotaur Fighter on June 21, 2022.
             Demolished by a vampire
             ... wielding a +0 glaive
              (20 damage)
             ... in a bailey.
             The game lasted 00:19:00 (12300 turns).

Peloso the Carver (Minotaur Fighter)               Turns: 12300, Time: 00:19:00

Health: -17/99     AC: 17    Str: 23    XL:     11   Next: 8%
Magic:  10/10      EV:  8    Int:  5    God:
Gold:   407        SH:  6    Dex: 12    Spells: 10/10 levels left

rFire   . . .      SeeInvis .   a - +1 scimitar (flame)
rCold   . . .      Faith    .   c - +0 buckler
rNeg    . . .      Spirit   .   v - +0 plate armour
rPois   .          Reflect  .   (helmet restricted)
rElec   .          Harm     .   s - +0 cloak
rCorr   .          Rampage  .   j - +0 pair of gloves
Will    .....                   (no boots)
Stlth   ..........              (no amulet)
HPRegen 0.26/turn               (no ring)
MPRegen 0.12/turn               (no ring)

@: mighty, about to teleport
A: horns 2, retaliatory headbutt
a: no special abilities


You were in a bailey.
You visited 1 branch of the dungeon, and saw 9 of its levels.
You also visited: Sewer and Bailey.

You collected 407 gold pieces.

Inventory:

Hand Weapons
 a - a +1 scimitar of flaming (weapon)
Armour
 b - a +2 scale mail of cold resistance
 c - a +0 buckler (worn)
 j - a +0 pair of gloves (worn)
 r - +1 acid dragon scales
 s - a +0 cloak (worn)
 v - a +0 plate armour (worn)
Jewellery
 f - a ring of magical power
 t - a ring of fire
Wands
 l - a wand of digging (5)
 A - a wand of polymorph (5)
Scrolls
 g - a scroll of brand weapon
 m - a scroll of summoning
 o - 4 scrolls of immolation
 q - 4 scrolls of fear
 y - 2 scrolls of identify
Potions
 e - 2 potions of resistance
 h - a potion of brilliance
 k - 4 potions of haste
 n - a potion of ambrosia {unknown}
 p - a potion of experience
 z - a potion of flight


   Skills:
 + Level 9.9 Fighting
 + Level 12.5 Long Blades
 + Level 0.1 Throwing
 + Level 10.3 Armour
 + Level 4.6 Dodging
 + Level 1.7 Stealth
 + Level 8.7 Shields


You had 10 spell levels left.
You didn't know any spells.
Your spell library contained the following spells:

 Spells                   Type           Power      Damage    Failure   Level
 Freeze                   Ice            0%         1d3       100%        1
 Sting                    Tmut/Pois      0%         1d3       100%        1
 Blink                    Tloc           0%         N/A       100%        2
 Poisonous Vapours        Pois/Air       0%         N/A       100%        2
 Frozen Ramparts          Ice            0%         1d2       100%        3
 Portal Projectile        Hex/Tloc       0%         N/A       100%        3
 Hailstorm                Conj/Ice       0%         3d3       100%        4
 Olgreb's Toxic Radiance  Pois           0%         N/A       100%        4
 Blade Hands              Tmut           0%         N/A       100%        5
 Excruciating Wounds      Necr           0%         N/A       100%        5
 Manifold Assault         Tloc           0%         N/A       100%        5
 Storm Form               Tmut/Air       0%         N/A       100%        7
 Chain Lightning          Conj/Air       0%         N/A       100%        9
 Fire Storm               Conj/Fire      0%         5d1       100%        9
 Shatter                  Erth           0%         3d5*      100%        9


Dungeon Overview and Level Annotations

Branches:
Dungeon (9/15)             Temple (0/1) D:4           Sewer (visited)
 Bailey (1/1)
   Lair: D:8-11         Orc: D:9-12

Altars:
Fedhas
Makhleb
Qazlal
Vehumet

Annotations:
D:4 3 runed translucent doors, kalagan's ghost, novice DECj


Innate Abilities, Weirdness & Mutations

You have a pair of horns on your head.
You reflexively headbutt those who attack you in melee.


Message History

Something hits you!
Unknown command.
You feel better. Something draws life force from you!
Something hits you but does no damage.
Unknown command.
You slash something! You burn something.
Reactivating autopickup.
You feel a bit more experienced. Something hits you!!
* * * LOW HITPOINT WARNING * * *
Deactivating autopickup; reactivate with Ctrl-A.
Found a potion of haste.
Something hits you but does no damage. Something bites you but does no damage.
Things that are here:
a +2 vampiric halberd; a +0 scale mail You barely miss something.
Something hits you!
* * * LOW HITPOINT WARNING * * *
Something bites you.
* * * LOW HITPOINT WARNING * * *
Something draws strength from your injuries!
You feel better. Something hits you!
* * * LOW HITPOINT WARNING * * *
Something bites you but does no damage.
Okay, then.
You can't see any enemies this would affect, really read the scroll of fear?
Okay, then.
Unknown command.
You can't see any enemies this would affect, really read the scroll of fear?
As you read the scroll of fear, it crumbles to dust.
You assume a fearsome visage.
Nothing appears to happen.
You hear some strange, mumbled words.
Something tries to affect you, but you resist.
As you read the scroll of teleportation, it crumbles to dust.
You feel strangely unstable. You block something's attack.
Something bites you but does no damage.
You closely miss something. Your headbutt misses something.
You barely miss something. Your headbutt misses something.
You block something's attack. Something bites you but does no damage.
You hit something but do no damage. You headbutt something!
Something hits you!!
You die...

#8.....##..##...'....#
#########....#.).#....#
#8........)......#....#
#....)...)#......#'####
###''##...##.....#..#
##....##...#######))#
#......##.......8#..#
#...##...#8......8#..#
#..# ##@.#############
#.. #{.# #. ...# ##
.=!## !!.## ####


There were no monsters in sight!

Vanquished Creatures
  Harold (D:9)
  Erica (D:8)
  A two-headed ogre (D:7)
  Joseph (D:8)
  A gargoyle (Bailey)
  2 kobold demonologists (D:9)
  Maggie (D:7)
  A wyvern (D:7)
  A wraith (D:9)
  2 vampires (Bailey)
  6 yaks
  An acid dragon (D:7)
  2 ice beasts (D:7)
  A black bear (D:6)
  2 ogres
  4 centaurs
  3 bullfrogs
  4 kobold brigands
  7 scorpions
  A wyvern zombie (D:7)
  A killer bee (D:8)
  8 vampire bats (Bailey)
  A howler monkey (D:9)
  6 wolf zombies (Bailey)
  A crimson imp (D:7)
  A centaur zombie (D:7)
  9 hounds
  2 bullfrog zombies
  A jelly (D:7)
  5 orc priests
  3 centaur skeletons
  3 gnoll shamans
  An iguana (D:7)
  An orc wizard (D:5)
  A howler monkey zombie (D:6)
  14 gnolls
  A howler monkey skeleton (D:7)
  5 river rats (Sewer)
  14 adders
  3 white imps
  An ufetubus (D:6)
  3 worms
  3 dart slugs
  22 orcs
  9 ball pythons
  5 endoplasms
  4 giant cockroaches
  6 goblins
  7 hobgoblins
  5 jackals (Sewer)
  2 quokkas
  2 bats
  4 frilled lizards
  12 kobolds
  18 orc zombies (Bailey)
  10 rats
237 creatures vanquished.

Vanquished Creatures (others)
  An orc wizard (D:8)
  38 plants (Sewer)
39 creatures vanquished.

Grand Total: 276 creatures vanquished

Notes
Turn   | Place    | Note
-------+----------+-------------------------------------------
     0 | D:1      | Peloso the Minotaur Fighter began the quest for the Orb.
     0 | D:1      | Reached XP level 1. HP: 19/19 MP: 0/0
   158 | D:1      | Reached XP level 2. HP: 27/27 MP: 1/1
   823 | D:2      | Found a radiant altar of Vehumet.
   982 | D:2      | Reached XP level 3. HP: 33/33 MP: 2/2
  1447 | D:2      | Reached skill level 3 in Long Blades
  1835 | D:3      | Reached XP level 4. HP: 40/40 MP: 3/3
  2174 | D:3      | Found a faded altar of an unknown god.
  2262 | D:3      | Reached XP level 5. HP: 46/47 MP: 4/4
  2507 | D:4      | Reached skill level 4 in Long Blades
  2507 | D:4      | Reached skill level 5 in Armour
  2698 | D:4      | Reached skill level 1 in Dodging
  2708 | D:4      | Found a staircase to the Ecumenical Temple.
  2751 | D:4      | Reached XP level 6. HP: 51/53 MP: 5/5
  2758 | D:4      | Found a blossoming altar of Fedhas.
  2788 | D:4      | Reached skill level 5 in Long Blades
  2818 | D:4      | Found a glowing drain.
  2943 | Sewer    | Entered a sewer
  3313 | Sewer    | Reached skill level 5 in Fighting
  3732 | Sewer    | Reached XP level 7. HP: 37/61 MP: 6/6
  4079 | Sewer    | Reached skill level 6 in Long Blades
  4628 | D:4      | Found a runed translucent gate.
  4628 | D:4      | Found a runed translucent gate.
  4628 | D:4      | Found a runed translucent gate.
  4628 | D:4      | Noticed kalagan's ghost (novice DECj)
  5172 | D:5      | Entered Level 5 of the Dungeon
  5292 | D:5      | Reached skill level 5 in Shields
  5478 | D:5      | Found a stormy altar of Qazlal.
  6067 | D:5      | Reached skill level 7 in Long Blades
  6328 | D:5      | Reached XP level 8. HP: 55/70 MP: 7/7
  6881 | D:6      | Reached skill level 8 in Long Blades
  7654 | D:6      | You fall into a shaft and drop 1 floor!
  8159 | D:7      | Reached XP level 9. HP: 67/78 MP: 8/8
  8216 | D:7      | Reached skill level 9 in Long Blades
  8216 | D:7      | Reached skill level 1 in Stealth
  8473 | D:7      | Noticed Maggie
  8487 | D:7      | Killed Maggie
  9172 | D:7      | Found a burning altar of Makhleb.
  9243 | D:7      | Noticed a two-headed ogre
  9257 | D:7      | Killed a two-headed ogre
  9258 | D:7      | Reached skill level 10 in Long Blades
  9730 | D:8      | Noticed Joseph
  9740 | D:8      | Paralysed by Joseph for 7 turns
  9754 | D:8      | Killed Joseph
  9950 | D:7      | Reached XP level 10. HP: 87/88 MP: 9/9
 10416 | D:8      | Reached skill level 11 in Long Blades
 10538 | D:8      | Noticed Erica
 10547 | D:8      | Killed Erica
 10988 | D:9      | Noticed Harold
 11015 | D:9      | Killed Harold
 11016 | D:9      | Reached skill level 12 in Long Blades
 11075 | D:9      | Found a flagged portal.
 11272 | Bailey   | Entered a bailey
 11446 | Bailey   | Noticed a gargoyle
 11455 | Bailey   | Killed a gargoyle
 11775 | Bailey   | Reached skill level 10 in Armour
 11785 | Bailey   | Reached XP level 11. HP: 99/99 MP: 10/10
 12022 | Bailey   | Identified the +2 leather armour of Reuparoro {Harm Fly}
 12294 | Bailey   | HP: 3/99 [something (2)]
 12300 | Bailey   | Demolished by a vampire

Illustrated notes

Levels and vault maps discovered:
D:1:      evilmike_arrival_home_sweet_home, layout_loops_ring
D:2:      layout_basic, basic_altar, solitary_fountain,
          chequers_serial_rivers_micro_c
D:3:      layout_loops_ring, hellmonk_ecumenical_altar_blasted,
          minmay_misc_feat_secret_circle, minmay_misc_feat_room,
          minmay_misc_feat_five, kennysheep_decorative_pillar,
          hangedman_decor_peaks_small
D:4:      layout_loops_ring, kennysheep_little_box, minmay_temple_entry_slanted,
          cheibrodos_sewer_entry_bend, gammafunk_ghost_necromancy
D:5:      layout_basic, grunt_qazlal_sundering, cheibrodos_gnoll_hut
D:6:      layout_rooms
D:7:      layout_basic, makhleb_grotto_becter, uniq_maggie
D:8:      layout_cave_pools, minmay_between, uniq_erica, uniq_joseph
D:9:      layout_stronghold, enter_bailey_3, serial_shops, shop, uniq_harold
Bailey:   bailey_polearm_vampire_castle_hellmonk, bailey

Skill      XL: |  1  2  3  4  5  6  7  8  9 10 |
---------------+-------------------------------+-----
Shields        | 4 5 6 7 8 |  8.7
Fighting       | 4 5 6 8 9 |  9.9
Armour         | 4 5 6 7 9 10 | 10.3
Long Blades    | 3 4 5 7 8 10 12 | 12.5
Dodging        | 1 2 3 4 |  4.6
Stealth        | 1 |  1.7
Throwing       | |  0.1

Action                   |  1- 3 |  4- 6 |  7- 9 | 10-12 || total
-------------------------+-------+-------+-------+-------++-------
Melee: Long sword        |    95 |   139 |   360 |    72 ||   666
       Headbutt          |     9 |    21 |    82 |    55 ||   167
       Scimitar          |       |       |       |   176 ||   176
Throw: Throwing net      |       |       |     1 |       ||     1
  Use: Potion            |     3 |       |       |    10 ||    13
       Scroll            |     4 |     2 |     5 |     3 ||    14
Armor: Scale mail        |    49 |    57 |   136 |       ||   242
       Chain mail        |       |       |     5 |       ||     5
       Plate armour      |       |       |       |   153 ||   153
Dodge: Dodged            |    48 |    65 |   137 |    88 ||   338
Block: Buckler           |    16 |    25 |    90 |    95 ||   226
